 Dungeon Crawl Stone Soup version 0.19-a0-442-g8935a21 (webtiles) character file.

3101 Ordine the Transmogrifier (level 9, 0/63 HPs)
             Began as an Octopode Transmuter on June 1, 2016.
             Was an Elder of Cheibriados.
             Shot with an arrow by a centaur (16 damage)
             ... on level 8 of the Dungeon.
             The game lasted 00:47:14 (9938 turns).

Ordine the Transmogrifier (Octopode Transmuter)     Turns: 9938, Time: 00:47:14

Health: 0/63       AC:  7    Str: 18    XL:     9   Next: 90%
Magic:  15/21      EV: 11    Int: 27    God:    Cheibriados [****..]
Gold:   329        SH:  0    Dex: 22    Spells: 2 memorised, 5 levels left

rFire  x . .     SeeInvis .       - Unarmed
rCold  + + +     Gourm    .     (shield currently unavailable)
rNeg   . . .     Faith    .     (helmet currently unavailable)
rPois  +         Spirit   .     (no amulet)
rElec  .         Dismiss  .     o - ring of magical power
rCorr  .         Reflect  .     u - ring of flight
SustAt .         Harm     .     g - +3 ring of slaying
MR     .....                    (no ring)
Stlth  +++.......               (no ring)
                                (no ring)
                                (no ring)
                                (no ring)

@: ice-form, very slightly contaminated, very slow, not resistant to hostile
enchantments, fairly stealthy
A: almost no armour, amphibious, 8 rings, (constrict 8), (camouflage 0),
(gelatinous body 0)
a: End Transformation, Bend Time, Temporal Distortion, Slouch, Renounce
Religion, Evoke Flight


You were on level 8 of the Dungeon.
You worshipped Cheibriados.
Cheibriados was greatly pleased with you.
You were not hungry.
You were a creature of crystalline ice.
You visited 2 branches of the dungeon, and saw 9 of its levels.

You collected 329 gold pieces.

Inventory:

Missiles
 n - 29 poisoned needles
 A - 2 tomahawks (quivered)
Armour
 a - a +2 hat of see invisible (melded)
 p - a +0 buckler (melded)
Jewellery
 g - a +3 ring of slaying (on tentacle)
 o - a ring of magical power (left front paw)
 u - a ring of flight (right front paw)
Wands
 f - a wand of iceblast (7/15)
 t - a wand of polymorph (7/24)
 w - a wand of flame (20/48)
 y - a wand of teleportation (5/9)
Scrolls
 i - a scroll of teleportation
 j - a scroll of amnesia
 k - 2 scrolls of magic mapping
 m - 3 scrolls of remove curse
 v - a scroll of noise
Potions
 l - a potion of flight
 s - a potion of brilliance
 z - a potion of heal wounds
Books
 b - a book of Changes

   Spells                             Type                      Level
   a - Beastly Appendage              Transmutation                1
   b - Sticks to Snakes               Transmutation                2
   c - Spider Form                    Transmutation/Poison         3
   d - Ice Form                       Ice/Transmutation            4
   e - Blade Hands                    Transmutation                5
 e - a book of Annihilations

   Spells                             Type                      Level
   a - Poison Arrow                   Conjuration/Poison           6
   b - Chain Lightning                Conjuration/Air              8
   c - Lehudib's Crystal Spear        Conjuration/Earth            8
   d - Glaciate                       Conjuration/Ice              9
   e - Fire Storm                     Conjuration/Fire             9
Comestibles
 c - 3 bread rations
 d - 4 slices of pizza
 h - 9 meat rations
 q - a royal jelly
 r - a beef jerky
 x - 4 chunks of flesh


   Skills:
 - Level 1.0 Fighting
 - Level 2.0 Dodging
 + Level 5.4 Stealth
 - Level 5.0 Shields
 * Level 6.7 Unarmed Combat
 - Level 2.0 Spellcasting
 - Level 9.0 Transmutations
 - Level 5.0 Ice Magic


You had 5 spell levels left.
You knew the following spells:

 Your Spells              Type           Power        Failure   Level  Hunger
a - Spider Form           Tmut/Pois      ####......   4%          3    ###....
b - Ice Form              Ice/Tmut       #####...     6%          4    ####...


Dungeon Overview and Level Annotations

Branches:
Dungeon (8/15)             Temple (1/1) D:5
   Lair: D:8-11

Altars:
Ashenzari
Cheibriados
Fedhas
Gozag
Hepliaklqana
Kikubaaqudgha
Makhleb
Okawaru
Qazlal
Ru
Trog
Uskayaw
Vehumet
Xom
Yredelemnul
Zin
The Shining One

Shops:
D:4 }


Innate Abilities, Weirdness & Mutations

You cannot wear most types of armour.
You are amphibious.
You can wear up to eight rings at the same time.
((You can use your tentacles to constrict eight enemies at once.))
((Your skin changes colour to match your surroundings (Stealth+).))
((Your rubbery body absorbs attacks. (AC +1)))


Message History

The ice beast hits you. The ice beast freezes you. You resist.
You closely miss the ice beast.
The ice beast is severely wounded.
The ice beast closely misses you.
You barely miss the ice beast.
The ice beast is severely wounded.
You pummel the ice beast!!
You kill the ice beast!
Cheibriados appreciates the change of pace.
A centaur comes into view.
The centaur wields a shortbow.
The centaur shoots an arrow.
The arrow closely misses you.
The centaur shoots an arrow.
The arrow closely misses you.
Items here: ( ) [ † 2 arrows; a mace; a scale mail; a howler monkey corpse You start resting.
The centaur shoots an arrow.
The arrow hits you!
* * * LOW HITPOINT WARNING * * *
The centaur shoots an arrow.
The arrow hits you!
You die...

.. .. #.#####
....... .......
.c.....
#####.......
#######...Y.......
#.....(.###.......
##.####### .......
#..# ....... #
#.## ....... ##
#.# .......
.#####.# .######
.......# .#
.#######


You could see a centaur.

Vanquished Creatures
  A slime creature (D:6)
  Eustachio (D:4)
  A hippogriff (D:6)
  2 sky beasts (D:6)
  An ice beast (D:8)
  A necrophage (D:5)
  A phantom (D:3)
  2 ogres
  2 centaurs
  6 giant frogs
  A wyvern skeleton (D:7)
  5 wights (D:6)
  2 howler monkeys
  3 crimson imps
  3 hounds
  3 orc wizards (D:5)
  An orc priest (D:4)
  5 jellies (D:6)
  Crazy Yiuf (D:2)
  3 iguanas
  Ijyb (D:2)
  3 worker ants
  A killer bee zombie (D:7)
  A hound zombie (D:7)
  A worker ant zombie (D:6)
  7 adders
  18 gnolls
  4 shadow imps
  17 oozes
  3 worms
  7 giant geckos
  14 orcs
  6 bats
  3 giant cockroaches
  6 goblins
  7 hobgoblins
  8 jackals
  6 kobolds
  5 quokkas
  2 giant gecko skeletons
  A giant gecko zombie (D:7)
  6 giant newts
  A jackal skeleton (D:6)
  8 rats
181 creatures vanquished.

Vanquished Creatures (others)
  5 fungi (D:6)
5 creatures vanquished.

Grand Total: 186 creatures vanquished

Notes
Turn   | Place    | Note
--------------------------------------------------------------
     0 | D:1      | Ordine the Octopode Transmuter began the quest for the Orb.
     0 | D:1      | Reached XP level 1. HP: 13/13 MP: 3/3
   134 | D:1      | Reached skill level 1 in Stealth
   211 | D:1      | Reached XP level 2. HP: 18/18 MP: 5/5
   390 | D:1      | You fall through a shaft!
   415 | D:2      | Noticed Ijyb
   428 | D:2      | Killed Ijyb
   428 | D:2      | Reached skill level 3 in Transmutations
   428 | D:2      | Reached XP level 3. HP: 10/23 MP: 4/6
   433 | D:2      | Learned a level 3 spell: Spider Form
  1218 | D:2      | Reached XP level 4. HP: 28/28 MP: 3/7
  1468 | D:2      | Noticed Crazy Yiuf
  1482 | D:2      | Killed Crazy Yiuf
  1693 | D:2      | Reached skill level 4 in Transmutations
  2055 | D:2      | Reached XP level 5. HP: 25/33 MP: 8/8
  2286 | D:2      | Learned a level 4 spell: Ice Form
  2328 | D:2      | Found an iron altar of Okawaru.
  2691 | D:3      | Found a faded altar of an unknown god.
  3322 | D:3      | Noticed a phantom
  3346 | D:3      | Killed a phantom
  3346 | D:3      | Reached skill level 5 in Transmutations
  3346 | D:3      | Reached skill level 1 in Ice Magic
  3346 | D:3      | Reached XP level 6. HP: 34/38 MP: 5/9
  3484 | D:4      | Found a hazy altar of Hepliaklqana.
  3616 | D:4      | Noticed Eustachio
  3625 | D:4      | Found Nuss's Gadget Emporium.
  4368 | D:5      | Entered Level 5 of the Dungeon
  4400 | D:5      | Found a staircase to the Ecumenical Temple.
  4444 | Temple   | Entered the Ecumenical Temple
  4499 | Temple   | Became a worshipper of Cheibriados the Contemplative
  4830 | D:5      | Reached XP level 7. HP: 43/43 MP: 10/10
  4832 | D:5      | Reached skill level 6 in Transmutations
  4988 | D:5      | Reached skill level 1 in Shields
  5160 | D:5      | Found a basalt altar of Yredelemnul.
  5160 | D:5      | Found a sacrificial altar of Ru.
  5162 | D:5      | Found a radiant altar of Vehumet.
  5332 | D:5      | Reached * piety under Cheibriados
  5804 | D:6      | Reached skill level 7 in Transmutations
  5804 | D:6      | Reached XP level 8. HP: 30/48 MP: 11/11
  6881 | D:6      | Found an opulent altar of Gozag.
  6913 | D:6      | Reached skill level 8 in Transmutations
  6937 | D:6      | Reached ** piety under Cheibriados
  6965 | D:6      | HP: 2/57 [wight/enchanted falchion (10)]
  7415 | D:6      | Reached XP level 9. HP: 48/53 MP: 12/12
  7501 | D:6      | HP: 3/63 [slime creature (6)]
  8002 | D:6      | Reached skill level 9 in Transmutations
  8002 | D:6      | Reached skill level 5 in Ice Magic
  8425 | D:4      | Killed Eustachio
  8425 | D:4      | Reached *** piety under Cheibriados
  8531 | D:7      | Reached skill level 5 in Shields
  8809 | D:7      | Reached skill level 5 in Unarmed Combat
  9323 | D:7      | Reached **** piety under Cheibriados
  9837 | D:8      | Reached skill level 5 in Stealth
  9938 | D:8      | Shot with an arrow by a centaur

Vault maps used:
D:1:      dpeg_arrival_ternary, minmay_close_crescents
D:2:      lemuel_doored_altar, kennysheep_big_empty_room, uniq_iyjb,
          uniq_crazy_yiuf_cottage
D:3:      first_bread, ecumenical_altar_2
D:4:      old_standard_altar, serial_shops, shop, uniq_eustachio
D:5:      nicolae_overflow_hidden_temple, minmay_temple_entry_overgrown,
          gup_sewer_entry_bowl
D:6:      lemuel_slime, basic_altar, kennysheep_generic_room_3
D:8:      kennysheep_mini_moat, kennysheep_mini,
          nicolae_dithmenos_through_a_glass_darkly
Temple:   triangle_lava_temple_11

Skill      XL: |  1  2  3  4  5  6  7  8  9 |
---------------+----------------------------+-----
Stealth        | 1 2 3 4 5 |  5.4
Transmutations | 3 4 5 7 8 9 |  9.0
Ice Magic      | 1 2 3 4 5 |  5.0
Shields        | 2 4 5 |  5.0
Unarmed Combat | 6 |  6.7
Fighting       | |  1.0
Dodging        | |  2.0
Spellcasting   | |  2.0

Action                   |  1- 3 |  4- 6 |  7- 9 || total
-------------------------+-------+-------+-------++-------
Melee: Unarmed           |    45 |   188 |   361 ||   594
       Constrict         |    11 |    26 |    29 ||    66
       Tentacles         |     5 |    24 |    48 ||    77
       Kick              |     3 |       |       ||     3
       Punch             |     2 |     1 |    10 ||    13
Throw: Tomahawk          |       |       |     2 ||     2
 Cast: Beastly Appendage |     1 |       |       ||     1
       Spider Form       |     1 |     7 |       ||     8
       Ice Form          |       |     2 |    25 ||    27
  Use: Scroll            |     4 |     9 |    10 ||    23
       Potion            |       |     3 |     3 ||     6
 Stab: Sleeping          |     4 |     9 |     6 ||    19
       Distracted        |     1 |     1 |       ||     2
       Invisible         |       |     1 |       ||     1
  Eat: Chunk             |       |    11 |    14 ||    25
       Bread ration      |       |     1 |       ||     1
Armor: Skin              |     3 |    20 |    69 ||    92
Dodge: Dodged            |    25 |    99 |   134 ||   258
Block: Buckler           |       |       |    25 ||    25
